 Dungeon Crawl Stone Soup version 0.19.1-1-g22dce08 (webtiles) character file.

201 galech the Cudgeler (level 5, -6/57 HPs)
             Began as an Ogre Berserker on Jan 6, 2017.
             Was a Believer of Trog.
             Killed by divine providence
             ... invoked by an orc priest
              (15 damage)
             ... on level 3 of the Dungeon.
             The game lasted 00:04:55 (3136 turns).

galech the Cudgeler (Ogre Berserker)                Turns: 3136, Time: 00:04:55

Health: -6/57      AC:  3    Str: 23    XL:     5   Next: 79%
Magic:  5/5        EV: 11    Int:  6    God:    Trog [**....]
Gold:   78         SH:  0    Dex:  9    Spells: 0 memorised, 4 levels left

rFire  . . .     SeeInvis .     p - +0 flail
rCold  . . .     Gourm    .     b - +0 animal skin
rNeg   . . .     Faith    .     (no shield)
rPois  .         Spirit   .     (helmet restricted)
rElec  .         Reflect  .     (no cloak)
rCorr  .         Harm     .     (gloves unavailable)
MR     .....                    (boots unavailable)
Stlth  +.........               (no amulet)
                                (no ring)
                                (no ring)

@: no status effects
A: unfitting armour, tough skin 1
a: Berserk, Trog's Hand, Burn Spellbooks, Renounce Religion


You were on level 3 of the Dungeon.
You worshipped Trog.
Trog was pleased with you.
You were not hungry.

You visited 1 branch of the dungeon, and saw 3 of its levels.

You collected 78 gold pieces.

Inventory:

Hand Weapons
 a - a +0 mace
 p - a +0 flail (weapon)
Armour
 b - a +0 animal skin (worn)
Scrolls
 d - 3 scrolls of identify {unknown}
 g - 2 scrolls of teleportation {unknown}
 k - a scroll of fog {unknown}
 l - 2 scrolls of immolation {unknown}
Potions
 e - 2 potions of haste {unknown}
 f - a potion of ambrosia {unknown}
 h - a potion of might {unknown}
 m - a potion of agility {unknown}
 o - a potion of curing {unknown}
Comestibles
 c - 4 bread rations
 i - 2 meat rations
 j - 2 royal jellies
 n - 3 chunks of flesh
 q - a beef jerky


   Skills:
 + Level 5.4 Fighting
 + Level 5.9 Maces & Flails
 + Level 3.8 Dodging
 + Level 0.8 Stealth


You had 4 spell levels left.
You didn't know any spells.

Dungeon Overview and Level Annotations

Branches:
Dungeon (3/15)

Altars:
Dithmenos
Hepliaklqana
Ru


Innate Abilities, Weirdness & Mutations

You are too large for most types of armour.
You have tough skin. (AC +1)


Message History

A hobgoblin comes into view.
You are too injured to fight recklessly!
You are too injured to fight recklessly!
You are too injured to fight recklessly!
You are too injured to fight recklessly!
The orc priest mumbles some strange prayers to Beogh against you.
Beogh smites you!
* * * LOW HITPOINT WARNING * * *
The hobgoblin shouts!
You hear a shout!
An orc comes into view. It is wielding a mace.
The orc throws a tomahawk.
The tomahawk misses you.
You see here a tomahawk.
The orc throws a tomahawk.
The tomahawk misses you.
The tomahawk hits the hobgoblin.
The orc closely misses you. The orc completely misses you.
The orc priest invokes the aid of Beogh against you.
Beogh smites you!
You die...

.#.#.. ...... #.... ###
#....########.. #............# #.
###........###.# ..
.......>.....#.# #.
##..#.....#.#.## #.
#..#@o...#....####### #.
#..#g#.###..#........ #.
##..#.#.# ##...###..##
#$#######o..o.#.#####.## #....
#..(......#.###.......# ##.##
....#######..............#####...
### #.#.#########.......... #.#.#
##......... #.#.# ##########


You could see an orc priest, an orc and a hobgoblin.

Vanquished Creatures
  A bullfrog (D:3)
  3 gnolls (D:1)
  3 adders (D:2)
  An ooze (D:1)
  A worm (D:2)
  2 dart slugs
  2 leopard geckos
  3 orcs (D:3)
  8 bats
  2 giant cockroaches (D:1)
  8 goblins
  7 hobgoblins
  4 jackals (D:3)
  9 kobolds
  A quokka (D:2)
  4 frilled lizards
  5 rats
64 creatures vanquished.

Notes
Turn   | Place    | Note
-------+----------+-------------------------------------------
     0 | D:1      | galech the Ogre Berserker began the quest for the Orb.
     0 | D:1      | Reached XP level 1. HP: 24/24 MP: 1/1
   245 | D:1      | Reached XP level 2. HP: 32/32 MP: 2/2
   725 | D:1      | Reached XP level 3. HP: 38/40 MP: 3/3
   845 | D:1      | Reached ** piety under Trog
  1354 | D:2      | Reached XP level 4. HP: 27/49 MP: 4/4
  2151 | D:1      | Reached skill level 5 in Maces & Flails
  2184 | D:2      | Reached skill level 5 in Fighting
  2466 | D:2      | Reached XP level 5. HP: 48/57 MP: 5/5
  2823 | D:3      | Found a sacrificial altar of Ru.
  2826 | D:3      | Found a shadowy altar of Dithmenos.
  2829 | D:3      | Found a hazy altar of Hepliaklqana.
  3136 | D:3      | Killed from afar by an orc priest

Skill      XL: |  1  2  3  4 |
---------------+-------------+-----
Dodging        | 3 |  3.8
Maces & Flails | 5 |  5.9
Fighting       | 5 |  5.4
Stealth        | |  0.8

Action                   |  1- 3 |  4- 6 || total
-------------------------+-------+-------++-------
Melee: Mace              |   126 |    75 ||   201
       Flail             |       |    17 ||    17
  Eat: Chunk             |     2 |     4 ||     6
       Beef jerky        |       |     1 ||     1
Armor: Animal skin       |    45 |    18 ||    63
Dodge: Dodged            |    96 |    60 ||   156
